AoeStats
← XEVER | Monarca

Arabia

509708286Analyzed
4v4 RM · 4d ago on Sep 27, 2026· 19m 0s· 8 players
Game mode
Random Map
Map size
Large (8 player)
Population
200
Speed
Normal
Resources
Standard
Victory
Conquest
Starting age
Dark Age
Ending age
Imperial Age
RankedLock teamsTeams togetherTeam positionsShared explorationLock speedFull tech treeHidden civsTurbo modeCheats
Victory
Defeat
🇦🇷 Britons · Argentina
1865
+13
🇪🇨 Georgians · Ecuador
1811
+15
🇦🇷 Lithuanians · Argentina
1552
+25
🇦🇷 Malians · Argentina
1530
+26
🇩🇪 Koreans · Germany
1813
-21
🇲🇽 Khitans · Mexico
1777
-20
🇧🇷 Poles · Brazil
1774
-20
🇦🇷 Wu · Argentina
1729
-18
MZTK | GO1_mx
7:04 Loom
9:20 Feudal Age
9:37 Man-at-Arms
11:22 Double-Bit Axe
13:30 Fletching
15:08 Padded Archer Armor
apNEA
7:12 Loom
9:16 Feudal Age
15:04 Fletching
BF_Xin
8:57 Feudal Age
9:24 Double-Bit Axe
9:28 Horse Collar
10:08 Loom
18:04 Forging
Pauli
5:43 Loom
8:33 Feudal Age
9:25 Double-Bit Axe
12:03 Horse Collar
15:23 Forging
15:21 Scale Barding Armor
17:15 Forging
Eärnur
5:30 Loom
5:48 Loom
8:23 Feudal Age
6:42 Loom
10:19 Double-Bit Axe
12:19 Town Watch
15:36 Scale Barding Armor
21:39 Castle Age
XEVER | Monarca
5:13 Loom
8:12 Feudal Age
9:35 Double-Bit Axe
16:45 Scale Barding Armor
17:44 Forging
19:11 Wheelbarrow
XEVER | Dylan
6:11 Loom
8:56 Feudal Age
11:47 Fletching
17:32 Padded Archer Armor
VL Nahue05
5:43 Loom
8:20 Feudal Age
16:42 Fletching
17:42 Town Watch
Connection lost

Rejoining the realm…

Still unreachable

The connection could not be restored.

Session expired

The server has moved on; the page needs a fresh start.